AoeStats
← Corsican Pirate

Fortress

507806095Analyzed
4v4 RM · 14d ago on Sep 19, 2026· 52m 2s· 8 players
Game mode
Random Map
Map size
Huge
Population
200
Speed
Normal
Resources
Standard
Victory
Conquest
Starting age
Dark Age
Ending age
Imperial Age
RankedLock teamsTeams togetherTeam positionsShared explorationLock speedFull tech treeHidden civsTurbo modeCheats
Victory
Defeat
🇷🇺 Jurchens · Russia
1256
+15
🇳🇴 Hindustanis · Norway
1203
+17
🇨🇱 Persians · Chile
1193
+18
🇳🇴 Mongols · Norway
1168
+18
🇲🇽 Italians · Mexico
1249
-18
🇦🇷 Mongols · Argentina
1228
-17
🇲🇽 Slavs · Mexico
1222
-17
🇦🇹 Jurchens · Austria
1212
-16
tomi09
7:50 Feudal Age
7:55 Feudal Age
9:21 Double-Bit Axe
9:20 Horse Collar
11:00 Gold Mining
13:14 Castle Age
12:24 Wheelbarrow
11:40 Loom
13:07 Horse Collar
16:10 Bow Saw
16:09 Heavy Plow
19:03 Wheelbarrow
18:14 Town Watch
22:11 Hand Cart
24:51 Stone Mining
25:41 Gold Shaft Mining
28:44 Imperial Age
26:51 Masonry
26:51 Fortified Wall
27:02 Ballistics
27:18 Bloodlines
27:08 Husbandry
27:18 Scale Barding Armor
27:24 Forging
27:33 Fletching
27:59 Fortified Bastions
29:08 Stone Shaft Mining
31:39 Conscription
31:56 Hoardings
31:34 Elite Iron Pagoda
33:12 Chain Barding Armor
33:28 Iron Casting
32:48 Bodkin Arrow
33:42 Capped Ram
35:04 Plate Barding Armor
37:32 Chemistry
37:11 Murder Holes
39:01 Siege Engineers
40:11 Blast Furnace
41:00 Caravan
41:29 Bracer
41:30 Padded Archer Armor
42:46 Scale Mail Armor
44:25 Squires
43:47 Pikeman
45:33 Arson
46:15 Halberdier
47:56 Chain Mail Armor
49:09 Light Cavalry
50:08 Hussar
52:15 Two-Man Saw
Corsican Pirate
7:26 Feudal Age
5:42 Loom
11:25 Castle Age
9:27 Double-Bit Axe
9:43 Horse Collar
13:03 Bow Saw
13:05 Town Watch
15:50 Wheelbarrow
18:23 Heavy Plow
20:25 Hand Cart
22:37 Pikeman
23:48 Fletching
27:03 Imperial Age
25:14 Bodkin Arrow
25:20 Padded Archer Armor
25:32 Squires
25:35 Scale Mail Armor
25:46 Forging
28:15 Chain Mail Armor
28:02 Arson
30:20 Crop Rotation
29:42 Gold Mining
29:43 Stone Mining
31:24 Conscription
32:27 Thumb Ring
32:23 Bracer
32:39 Leather Archer Armor
32:47 Ballistics
33:41 Plate Mail Armor
33:47 Iron Casting
38:00 Chemistry
37:11 Fortified Wall
38:06 Two-Man Saw
39:27 Husbandry
39:34 Scale Barding Armor
39:04 Light Cavalry
40:03 Bloodlines
40:06 Husbandry
41:35 Silk Road
43:46 Hoardings
43:55 Caravan
52:28 Chain Barding Armor
Imperial Skirmisher
7:03 Feudal Age
10:47 Castle Age
8:37 Double-Bit Axe
9:16 Horse Collar
11:41 Bow Saw
14:26 Loom
18:04 Wheelbarrow
17:16 Town Watch
19:51 Heavy Plow
20:11 Forging
20:52 Detinets
20:49 Gold Mining
20:49 Stone Mining
22:32 Hand Cart
22:47 Scale Barding Armor
22:49 Husbandry
24:20 Iron Casting
24:26 Gold Shaft Mining
23:41 Stone Mining
24:21 Bloodlines
26:41 Chain Barding Armor
27:07 Fletching
28:15 Bodkin Arrow
31:31 Imperial Age
32:51 Plate Barding Armor
31:39 Elite Boyar
32:41 Conscription
33:00 Hoardings
33:27 Blast Furnace
33:39 Ballistics
33:29 Masonry
35:15 Chemistry
34:26 Fortified Wall
MatRm10
6:52 Feudal Age
11:02 Castle Age
9:04 Double-Bit Axe
9:16 Horse Collar
9:52 Fletching
11:33 Gold Mining
15:57 Wheelbarrow
17:09 Gold Shaft Mining
16:26 Stone Mining
20:36 Bow Saw
22:19 Bloodlines
22:10 Husbandry
23:02 Bodkin Arrow
27:18 Imperial Age
25:01 Loom
25:44 Hand Cart
26:20 Gold Shaft Mining
26:28 Padded Archer Armor
26:49 Ballistics
26:28 Light Cavalry
27:31 Leather Archer Armor
27:35 Town Watch
28:06 Thumb Ring
29:20 Conscription
29:06 Bracer
30:28 Chemistry
29:50 Siege Engineers
30:34 Fortified Wall
30:39 Forging
30:37 Scale Barding Armor
30:44 Elite Mangudai
32:17 Forging
33:47 Murder Holes
34:14 Chain Barding Armor
33:59 Capped Ram
34:20 Hussar
35:39 Parthian Tactics
37:50 Iron Casting
37:17 Siege Ram
38:17 Masonry
42:05 Onager
46:40 Stone Shaft Mining
Floki
5:30 Loom
7:55 Feudal Age
9:19 Town Watch
12:12 Castle Age
10:32 Double-Bit Axe
10:50 Horse Collar
12:46 Wheelbarrow
13:27 Bow Saw
14:58 Heavy Plow
18:53 Forging
19:33 Bloodlines
19:36 Husbandry
20:16 Gold Mining
21:47 Scale Barding Armor
23:39 Chain Barding Armor
25:21 Hand Cart
28:27 Imperial Age
26:08 Elite Skirmisher
26:40 Fletching
27:16 Padded Archer Armor
28:19 Thumb Ring
28:51 Iron Casting
29:01 Bodkin Arrow
30:15 Bracer
30:43 Leather Archer Armor
31:37 Heavy Camel Rider
35:10 Plate Barding Armor
34:00 Imperial Camel Rider
37:48 Ring Archer Armor
44:58 Blast Furnace
43:56 Light Cavalry
47:16 Chemistry
46:48 Caravan
K!
5:33 Loom
7:19 Feudal Age
6:53 Loom
8:39 Feudal Age
10:09 Double-Bit Axe
12:55 Castle Age
11:09 Horse Collar
11:35 Padded Archer Armor
14:00 Bow Saw
16:08 Gold Mining
18:25 Wheelbarrow
18:55 Gold Shaft Mining
19:19 Stone Mining
21:13 Fletching
21:38 Leather Archer Armor
22:40 Hand Cart
23:10 Bodkin Arrow
28:18 Imperial Age
27:20 Ballistics
27:14 Fortified Wall
30:04 Thumb Ring
30:02 Bracer
31:32 Conscription
32:42 Chemistry
32:53 Onager
35:03 Parthian Tactics
37:07 Elite Mangudai
41:33 Capped Ram
42:59 Nomads
44:06 Siege Ram
46:55 Drill
Mr. Penis
7:35 Feudal Age
12:51 Castle Age
10:41 Double-Bit Axe
10:53 Horse Collar
14:48 Bow Saw
16:01 Fervor
17:29 Heavy Plow
17:21 Gold Mining
18:21 Wheelbarrow
17:56 Stone Mining
20:12 Sanctity
22:13 Loom
22:43 Hand Cart
22:13 Town Watch
24:29 Fortified Wall
29:59 Imperial Age
28:10 Gold Shaft Mining
29:22 Stone Shaft Mining
29:31 Treadmill Crane
30:01 Masonry
30:13 Ballistics
30:10 Bloodlines
30:01 Husbandry
30:04 Squires
29:50 Arson
29:50 Gambesons
30:12 Scale Barding Armor
30:18 Forging
30:51 Town Patrol
31:38 Conscription
31:54 Hoardings
31:55 Chain Barding Armor
32:55 Iron Casting
32:10 Fletching
33:10 Crop Rotation
33:41 Two-Man Saw
33:57 Plate Barding Armor
34:38 Architecture
33:54 Arrowslits
35:58 Blast Furnace
39:07 Guilds
48:08 Bodkin Arrow
48:25 Elite Iron Pagoda
49:23 Caravan
49:53 Coinage
EL PAJA
7:34 Feudal Age
12:52 Castle Age
11:04 Double-Bit Axe
11:03 Horse Collar
14:18 Fervor
16:52 Bow Saw
18:14 Squires
20:14 Heavy Plow
22:46 Wheelbarrow
21:56 Town Watch
21:57 Loom
23:49 Town Patrol
23:57 Gold Mining
24:37 Caravan
28:36 Imperial Age
26:57 Scale Barding Armor
27:02 Forging
27:39 Bloodlines
27:30 Husbandry
29:28 Chain Barding Armor
29:44 Iron Casting
30:28 Iron Casting
31:07 Crop Rotation
30:14 Light Cavalry
31:39 Conscription
31:04 Elite War Elephant
35:04 Blast Furnace
34:40 Plate Barding Armor
34:18 Hussar
Connection lost

Rejoining the realm…

Still unreachable

The connection could not be restored.

Session expired

The server has moved on; the page needs a fresh start.